 Dungeon Crawl Stone Soup version 0.28-b1-25-g9875b3fc8c (console) character file.

Game seed: 7141224905234637983

74 syban the Digger (level 4, -14/33 (34) HPs)
             Began as a Palentonga Earth Elementalist on Jan 31, 2022.
             Was a Believer of Cheibriados.
             Demolished by Crazy Yiuf (26 damage)
             ... on level 3 of the Dungeon.
             The game lasted 00:04:52 (3103 turns).

syban the Digger (Palentonga Earth Elementalist)    Turns: 3103, Time: 00:04:53

HP:   -14/33 (34)   AC:  4    Str: 15    XL:     4   Next: 9%
MP:   7/7           EV: 10    Int: 22    God:    Cheibriados [**....]
Gold: 114           SH:  0    Dex: 14    Spells: 4/7 levels left

rFire   . . .      SeeInvis +   j - +0 long sword
rCold   . . .      Faith    .   (no shield)
rNeg    . . .      Spirit   .   b - +0 robe
rPois   .          Reflect  .   (no helmet)
rElec   .          Harm     .   (no cloak)
rCorr   .          Rampage  .   (no gloves)
Will    .....                   (no barding)
Stlth   ++........              (no amulet)
HPRegen 0.11/turn               (no ring)
MPRegen 0.10/turn               (no ring)

@: lightly drained, very slow
A: large, rugged brown scales 3, see invisible, deformed body, roll 1, armoured
tail
a: Rolling Charge, Renounce Religion, Bend Time


You were on level 3 of the Dungeon.
You worshipped Cheibriados.
Cheibriados was pleased with you.
You visited 1 branch of the dungeon, and saw 3 of its levels.

You collected 114 gold pieces.

Inventory:

Hand Weapons
 d - a +0 mace
 e - a +0 hand axe
 j - a +0 long sword (weapon)
Missiles
 c - 165 stones
Armour
 b - a +0 robe (worn)
Jewellery
 f - a ring of magical power
Scrolls
 a - a scroll of teleportation
 g - 2 scrolls of enchant weapon {unknown}
 h - 3 scrolls of identify
 i - a scroll of acquirement {unknown}
 k - a scroll of magic mapping {unknown}
Potions
 l - a potion of degeneration {unknown}


   Skills:
 * Level 1.2 Fighting
 * Level 1.2 Armour
 * Level 2.4 Dodging
 - Level 1.2 Stealth
 + Level 2.0 Spellcasting
 - Level 1.0 Transmutations
 - Level 3.0 Earth Magic
 * Level 1.0 Invocations


You had 4 spell levels left.
You knew the following spells:

 Your Spells              Type           Power      Damage    Failure   Level
a - Sandblast             Erth           30%        2d9       4%          1
b - Passwall              Tmut/Erth      9%         N/A       9%          2

Your spell library contained the following spells:

 Spells                   Type           Power      Damage    Failure   Level
 Stone Arrow              Conj/Erth      16%        3d8       22%         3
 Petrify                  Tmut/Erth      11%        N/A       52%         4


Dungeon Overview and Level Annotations

Branches:
Dungeon (3/15)

Altars:
Cheibriados
Dithmenos
Elyvilon

Shops:
D:1 !

Annotations:
D:3 Crazy Yiuf


Innate Abilities, Weirdness & Mutations

You are completely covered in rugged brown scales. (AC +3, +7% HP)
You have supernaturally acute eyesight. (SInv)
Armour fits poorly on your strangely shaped body.
You can roll at nearby foes to attack.
You have a long armoured tail.


Message History

No target in view!
Things that are here:
a +0 dagger; a kobold corpse
Found a stone staircase leading down.
Found an escape hatch in the floor.
Found a stone staircase leading up.
There is an escape hatch in the floor here.
There is a stone staircase leading up here.
Found an escape hatch in the ceiling.
There is an escape hatch in the ceiling here.
You now have 114 gold pieces (gained 10).
Found a mace.
Found two maces.
You see here a +0 mace.
Found seven maces.
Found a runed translucent door.
You see here a +0 mace.
Found a mace.
You see here a +0 mace.
You see here a +0 mace.
Found three maces.
You see here a +0 mace.
You open the door.
Crazy Yiuf shouts!
There is an open translucent door here.
You hit Crazy Yiuf.
Crazy Yiuf is lightly wounded.
Crazy Yiuf flaps his cloak.
Crazy Yiuf drinks a potion.
Crazy Yiuf seems to grow stronger.
You hit Crazy Yiuf.
Crazy Yiuf is moderately wounded.
Crazy Yiuf closely misses you. Crazy Yiuf barely misses you.
You hit Crazy Yiuf but do no damage. You tail-slap Crazy Yiuf.
Crazy Yiuf is moderately wounded.
Crazy Yiuf hits you with a +4 quarterstaff of chaos!
You feel drained.
You slash Crazy Yiuf!
Your tail-slap misses Crazy Yiuf.
Crazy Yiuf is severely wounded.
Crazy Yiuf hits you with a +4 quarterstaff of chaos!!
Ouch! That really hurt!
You die...

###### )....#
####.# .# #.#
.###.### .......#
.###.#.# ####
♣♣#### .# #.#.#
#)))#♣♣ ♣♣.#..##
.###.#.#
#.)g@)♣♣♣♣......#
.....#.####
#)))#♣))♣)......#
..........# ####
♣♣♣)♣).#...#
.#####.####
♣♣♣♣♣##.##
...##...## #.#
.#.#.....## ###
##.#
##........######
#.#####..#
...............#
#.......##
##........####.#
#.#######


You could see Crazy Yiuf (strong).

Vanquished Creatures
  2 adders (D:2)
  An orc (D:3)
  5 ball pythons
  5 endoplasms
  6 giant cockroaches
  5 goblins
  5 hobgoblins
  5 quokkas
  3 bats
  3 kobolds
  9 rats
49 creatures vanquished.

Vanquished Creatures (others)
  2 plants (D:1)
2 creatures vanquished.

Grand Total: 51 creatures vanquished

Notes
Turn   | Place    | Note
-------+----------+-------------------------------------------
     0 | D:1      | syban the Palentonga Earth Elementalist began the quest for
                  | the Orb.
     0 | D:1      | Reached XP level 1. HP: 13/13 MP: 3/3
   466 | D:1      | Reached XP level 2. HP: 11/21 MP: 1/5
   766 | D:1      | Found Ifemmaqe's Distillery.
   776 | D:1      | Reached skill level 3 in Earth Magic
  1037 | D:1      | Found a faded altar of an unknown god.
  1549 | D:1      | Prayed at the altar of an unknown god.
  1549 | D:1      | Became a worshipper of Cheibriados the Contemplative
  1549 | D:1      | Reached * piety under Cheibriados
  1581 | D:2      | Reached skill level 1 in Fighting
  1586 | D:2      | Reached XP level 3. HP: 12/27 MP: 6/6
  1803 | D:2      | Learned a level 2 spell: Passwall
  2204 | D:2      | Reached skill level 1 in Armour
  2215 | D:2      | Reached skill level 1 in Invocations
  2364 | D:2      | Reached ** piety under Cheibriados
  2504 | D:3      | Reached XP level 4. HP: 31/34 MP: 7/7
  2595 | D:3      | Found a shadowy altar of Dithmenos.
  2753 | D:3      | Found a white marble altar of Elyvilon.
  3094 | D:3      | Found a runed translucent door.
  3095 | D:3      | Noticed Crazy Yiuf
  3103 | D:3      | Demolished by Crazy Yiuf

Illustrated notes

Levels and vault maps discovered:
D:1:      sevenhm_arrival_forest_fort_small_3, layout_basic,
          shapermc_ecumenical_altar_acropolis, serial_shops, shop_statue,
          roderic_lattice_a, serial_bayou_lagoon_b
D:2:      layout_rooms, minmay_quantized
D:3:      layout_loops_ring, mainiacjoe_overflow_catwalk, grunt_dithmenos_smoke,
          minmay_distorted, uniq_crazy_yiuf_cottage

Skill      XL: |  1  2  3 |
---------------+----------+-----
Earth Magic    | 3 |  3.0
Dodging        | 2 |  2.4
Fighting       | 1 |  1.2
Armour         | 1 |  1.2
Invocations    | 1 |  1.0
Stealth        | |  1.2
Spellcasting   | |  2.0
Transmutations | |  1.0

Action                   |  1- 3 |  4- 6 || total
-------------------------+-------+-------++-------
Melee: Unarmed           |    66 |       ||    66
       Hand axe          |    24 |       ||    24
       Tailslap          |    15 |     3 ||    18
       Punch             |     2 |       ||     2
       Mace              |    43 |     1 ||    44
       Long sword        |       |    15 ||    15
 Cast: Sandblast         |    11 |       ||    11
  Use: Scroll            |     2 |       ||     2
 Stab: Sleeping          |     3 |       ||     3
Armor: Robe              |    58 |    10 ||    68
Dodge: Dodged            |    82 |    15 ||    97
